 Dungeon Crawl Stone Soup version 0.26.1-15-g04117e645d (webtiles) character file.

Game seed: 3853164113825071496

256 tkbsonic5 the Firebug (level 6, 0/39 HPs)
             Began as an Octopode Fire Elementalist on Dec 18, 2022.
             Succumbed to a scorpion's poison
             ... on level 5 of the Dungeon.
             The game lasted 00:20:05 (4008 turns).

tkbsonic5 the Firebug (Octopode Fire Elementalist)  Turns: 4008, Time: 00:20:06

Health: 0/39       AC:  1    Str:  7    XL:     6   Next: 16%
Magic:  1/10       EV: 14    Int: 19    God:
Gold:   160        SH:  0    Dex: 13    Spells: 3/11 levels left

rFire    . . .     SeeInvis .   c - +1 hand axe
rCold    . . .     Faith    .   (no shield)
rNeg     . . .     Spirit   +   (helmet restricted)
rPois    .         Reflect  .   r - amulet of guardian spirit
rElec    .         Harm     .   (no ring)
rCorr    .         Rampage  .   (no ring)
Will     .....                  (no ring)
Stlth    +++.......             (no ring)
HPRegen  0.13/turn              (no ring)
MPRegen  0.12/turn              (no ring)
                                (no ring)
                                (no ring)

@: brilliant, lethally poisoned (0 -> -31), very slightly contaminated
A: almost no armour, stealthy swim, amphibious, 8 rings, constrict 8, camouflage
1, gelatinous body 1
a: no special abilities


You were on level 5 of the Dungeon.
You visited 1 branch of the dungeon, and saw 5 of its levels.

You collected 160 gold pieces.

Inventory:

Hand Weapons
 b - a +2 arbalest
 c - a +1 hand axe (weapon)
 h - a +0 hunting sling
Missiles
 d - 5 boomerangs
 g - 15 bolts
 j - 6 poisoned darts (quivered)
Jewellery
 i - an uncursed ring of ice {unknown}
 r - an amulet of guardian spirit (around mantle)
Wands
 f - a wand of polymorph (4)
Scrolls
 a - 2 scrolls of remove curse
 m - a scroll of teleportation
 o - 3 scrolls of amnesia


   Skills:
 + Level 1.9 Fighting
 * Level 1.4 Crossbows
 + Level 1.4 Throwing
 * Level 2.5 Dodging
 + Level 3.5 Stealth
 * Level 3.0 Spellcasting
 * Level 2.4 Conjurations
 * Level 3.8 Fire Magic
 + Level 0.0 Evocations


You had 3 spell levels left.
You knew the following spells:

 Your Spells              Type           Power        Failure   Level
a - Foxfire               Conj/Fire      88%          4%          1
b - Conjure Flame         Conj/Fire      22%          13%         3
c - Sticky Flame          Conj/Fire      22%          38%         4

Your spell library contained the following spells:

 Spells                   Type           Power        Failure   Level
 Inner Flame              Hex/Fire       15%          21%         3
 Confusing Touch          Hex            4%           41%         3
 Gell's Gravitas          Tloc           2%           41%         3
 Fireball                 Conj/Fire      11%          75%         5
 Petrify                  Tmut/Erth      4%           83%         4
 Metabolic Englaciation   Hex/Ice        2%           99%         5
 Yara's Violent Unravell  Hex/Tmut       2%           99%         5


Dungeon Overview and Level Annotations

Branches:
Dungeon (5/15)             Temple (0/1) D:4

Altars:


Innate Abilities, Weirdness & Mutations

You cannot wear most types of armour.
You are very stealthy in the water. (Stealth+)
You are amphibious.
You can wear up to eight rings at the same time.
You can use your tentacles to constrict eight enemies at once.
Your skin changes colour to match your surroundings (Stealth+).
Your rubbery body absorbs attacks. (AC +1, EV +1)


Message History

You constrict the scorpion.
You feel sick.
The foxfire hits the iguana.
The iguana is moderately wounded.
The foxfire hits the scorpion but does no damage.
The scorpion is moderately wounded.
The scorpion stings you!
* * * LOW HITPOINT WARNING * * *
The worker ant waves its antennae.
The scorpion completely misses you.
You hit the scorpion. You squeeze the scorpion.
The scorpion is severely wounded.
You constrict the scorpion.
* * * LOW HITPOINT WARNING * * *
You feel very sick. The scorpion stings you.
* * * LOW HITPOINT WARNING * * *
You are more poisoned.
The scorpion poisons you!
You hit the scorpion. You squeeze the scorpion.
You kill the scorpion!
You die...

#. ##. # ##..
#. ... #⌠. ..
.##. #B [..##
####)###.....#
#....@○l#
#..####.# # .#
.# .# .. .. 8.


You could see an iguana and a worker ant.

Vanquished Creatures
  A scorpion (D:5)
  A hound (D:4)
  2 orc priests (D:4)
  An orc wizard (D:3)
  A worker ant (D:4)
  4 adders
  A white imp (D:4)
  An ooze (D:3)
  A dart slug (D:4)
  A leopard gecko (D:2)
  6 orcs
  5 giant cockroaches
  6 goblins
  7 hobgoblins
  4 jackals (D:3)
  A quokka (D:3)
  2 ball pythons (D:3)
  4 bats
  2 frilled lizards
  5 kobolds
  A quokka skeleton (D:4)
  9 rats
66 creatures vanquished.

Vanquished Creatures (others)
  147 foxfires
147 creatures vanquished.

Grand Total: 213 creatures vanquished

Notes
Turn   | Place    | Note
-------+----------+-------------------------------------------
     0 | D:1      | tkbsonic5 the Octopode Fire Elementalist began the quest
                  | for the Orb.
     0 | D:1      | Reached XP level 1. HP: 11/11 MP: 3/3
   444 | D:1      | Reached XP level 2. HP: 18/18 MP: 3/5
   895 | D:2      | Reached skill level 1 in Fighting
  1092 | D:2      | Reached XP level 3. HP: 23/23 MP: 3/6
  1096 | D:2      | Learned a level 3 spell: Conjure Flame
  2030 | D:3      | Reached skill level 1 in Throwing
  2111 | D:3      | Reached XP level 4. HP: 22/28 MP: 1/7
  2521 | D:3      | Reached XP level 5. HP: 25/33 MP: 0/9
  2524 | D:3      | Reached skill level 1 in Crossbows
  2598 | D:3      | Learned a level 4 spell: Sticky Flame
  3767 | D:4      | Found a staircase to the Ecumenical Temple.
  3774 | D:4      | Reached XP level 6. HP: 39/39 MP: 6/10
  3958 | D:5      | Entered Level 5 of the Dungeon
  4008 | D:5      | Succumbed to a scorpion's poison

Illustrated notes

Levels and vault maps discovered:
D:1:      tarquinn_simple_flora_water_f, layout_rooms, patterned_corridor
D:2:      layout_loops_ring, st_stairs_14, kennysheep_generic_room_13
D:3:      layout_basic
D:4:      layout_loops_cross, temple_fountains
D:5:      layout_loops_cross, eat_drink_and_be_merry_uskayaw,
          overflow_temple_1_default, hellmonk_ghost_happy_afterlife,
          kb_lookout_dungeons_type

Skill      XL: |  1  2  3  4  5  6 |
---------------+-------------------+-----
Fighting       | 1 |  1.9
Stealth        | 3 |  3.5
Throwing       | 1 |  1.4
Crossbows      | 1 |  1.4
Conjurations   | 2 |  2.4
Spellcasting   | 3 |  3.0
Dodging        | |  2.5
Fire Magic     | |  3.8

Action                   |  1- 3 |  4- 6 || total
-------------------------+-------+-------++-------
Melee: Hand axe          |    15 |    18 ||    33
       Constrict         |     4 |     6 ||    10
       Tentacles         |     1 |     4 ||     5
 Fire: Arbalest          |       |     4 ||     4
Throw: Boomerang         |    19 |     9 ||    28
       Dart              |    16 |    23 ||    39
 Cast: Foxfire           |    53 |    70 ||   123
       Conjure Flame     |       |     3 ||     3
Evoke: Wand              |       |     2 ||     2
  Use: Scroll            |     8 |     7 ||    15
       Potion            |     1 |     9 ||    10
 Stab: Sleeping          |     1 |       ||     1
Armor: Skin              |     1 |     4 ||     5
Dodge: Dodged            |    23 |    47 ||    70
